 Dungeon Crawl Stone Soup version 0.21-a0-78-g82a99e0 (webtiles) character file.

7 4thArraOfDagon the Caller (level 1, 0/7 HPs)
             Began as a Felid Summoner on June 21, 2017.
             Slain by a phantom (7 damage)
             ... on level 2 of the Dungeon.
             The game lasted 00:01:15 (328 turns).

4thArraOfDagon the Caller (Felid Summoner)           Turns: 328, Time: 00:01:15

Health: 0/7        AC:  1    Str:  4    XL:     1   Next: 83%
Magic:  4/4        EV: 18    Int: 16    God:
Gold:   37         SH:  0    Dex: 16    Spells: 3/4 levels left
                                        Lives:  0   Deaths: 0

rFire    . . .     SeeInvis +     - Unarmed
rCold    . . .     Gourm    .   (shield unavailable)
rNeg     . . .     Faith    .   (armour unavailable)
rPois    .         Spirit   .   (helmet unavailable)
rElec    .         Reflect  .   (cloak unavailable)
rCorr    .         Harm     .   (gloves unavailable)
MR       .....                  (boots unavailable)
Stlth    +++.......             (no amulet)
HPRegen  0.02/turn              (no ring)
MPRegen  0.09/turn              (no ring)

@: quick
A: no armour, no weapons or thrown items, stealth, claws 1, fangs 3, see
invisible, carnivore 3, speed 1, shaggy fur 1, slow metabolism 1, sharp paws
a: no special abilities


You were on level 2 of the Dungeon.
You were not hungry.

You visited 1 branch of the dungeon, and saw 2 of its levels.

You collected 37 gold pieces.

Inventory:

Scrolls
 d - a scroll of identify {unknown}
 f - a scroll of fear {unknown}
Potions
 c - a potion of flight {unknown}
 e - a potion of lignification {unknown}
Books
 a - a book of Callings

   Spells                             Type                      Level
   a - Summon Small Mammal            Summoning                    1
   b - Call Imp                       Summoning                    2
   c - Call Canine Familiar           Summoning                    3
   d - Summon Guardian Golem          Hexes/Summoning              3
   e - Summon Lightning Spire         Summoning/Air                4
   f - Summon Ice Beast               Ice/Summoning                4
Comestibles
 b - a meat ration
 g - a royal jelly


   Skills:
 - Level 2.6 Dodging
 - Level 2.6 Stealth
 * Level 1.5 Unarmed Combat
 - Level 2.0 Spellcasting
 - Level 4.0 Summonings


You had 3 spell levels left.
You knew the following spells:

 Your Spells              Type           Power        Failure   Level  Hunger
a - Summon Small Mammal   Summ           ##..         4%          1    #......


Dungeon Overview and Level Annotations

Branches:
Dungeon (2/15)

Altars:


Innate Abilities, Weirdness & Mutations

You cannot wear armour.
You are incapable of wielding weapons or throwing items.
Your paws allow you to move quietly. (Stealth)
You have sharp claws.
You have razor-sharp teeth.
You have supernaturally acute eyesight. (SInv)
You are carnivorous and can eat meat at any time.
You cover ground quickly.
You are covered in fur. (AC +1)
You have a slow metabolism.
Your sharp claws are effective at attacking unaware monsters.


Message History

HP restored.
f - a scroll labeled ELAAVU LATOME You see here a leather armour.
Unknown command.
g - a royal jelly
Found a stone staircase leading up.
Unknown command.
There is a stone staircase leading up here.
You see here a leather armour.
Found a stone staircase leading down.
Unknown command.
A bat comes into view.
A phantom comes into view.
Unknown command.
Found 4 tomahawks.
Unknown command.
Unknown command.
The bat closely misses you. The phantom hits you!
Ouch! That really hurt!
You die...

#####.##... #.##..# .
##.##..# . #####...#..#
.# # ...........#
#####.#.. #####...##.#
#.......# ######.###.##
#.......#
.......##...####W.......
####......#.....@......#
#[#.##...####b......#
#.#.###.## #....>..#
#.#.# #.# #........
####.#.# #.# ###..###.
<....#.# #.# .(..
######.. ... .#### ...
#. .#


You could see a phantom and a bat.

Vanquished Creatures
  A ball python (D:2)
  A hobgoblin (D:1)
  A bat (D:1)
  A frilled lizard (D:1)
4 creatures vanquished.

Vanquished Creatures (collateral kills)
  A dart slug (D:1)
  A goblin (D:1)
  A hobgoblin (D:1)
3 creatures vanquished.

Grand Total: 7 creatures vanquished

Notes
Turn   | Place    | Note
-------+----------+-------------------------------------------
     0 | D:1      | 4thArraOfDagon the Felid Summoner began the quest for the Orb.
     0 | D:1      | Reached XP level 1. HP: 7/7 MP: 4/4
   128 | D:1      | Reached skill level 1 in Unarmed Combat
   327 | D:2      | Noticed a phantom
   328 | D:2      | Slain by a phantom

Vault maps used:
D:1:      eino_arrival_cavern_a, kennysheep_nondescript
D:2:      minmay_wonky_spiral, amethyst_killhole, minmay_misc_feat_five,
          minmay_octomino_e4

Skill      XL: |  1 |
---------------+----+-----
Unarmed Combat | 1 |  1.5
Dodging        | |  2.6
Stealth        | |  2.6
Spellcasting   | |  2.0
Summonings     | |  4.0

Action                   || total
-------------------------++-------
Melee: Unarmed           ||    10
 Cast: Summon Small Mamm ||     7
 Stab: Sleeping          ||     3
  Eat: Chunk             ||     1
Armor: Skin              ||     1
Dodge: Dodged            ||     5
